 Dungeon Crawl Stone Soup version 0.20.1-1-g8b1a95d (webtiles) character file.

15509 tailblues the Thaumaturge (level 11, -19/89 HPs)
             Began as a Demigod Wizard on Nov 3, 2017.
             Shot with an arrow by a minotaur (32 damage)
             ... in a labyrinth on Nov 4, 2017.
             The game lasted 01:37:43 (24200 turns).

tailblues the Thaumaturge (Demigod Wizard)         Turns: 24200, Time: 01:37:43

Health: -19/89     AC: 10    Str: 10    XL:     11   Next: 70%
Magic:  2/29       EV: 17    Int: 22    God:
Gold:   184        SH:  5    Dex: 24    Spells: 13/30 levels left

rFire    . . .     SeeInvis .   a - +2 dagger
rCold    . . .     Gourm    .   (no shield)
rNeg     + . .     Faith    .   G - +0 troll leather armour
rPois    +         Spirit   .   d - +0 helmet
rElec    +         Reflect  +   h - +0 cloak
rCorr    .         Harm     .   t - +1 pair of gloves
MR       +....                  V - +0 pair of boots
Stlth    ++++......             v - +5 amulet of reflection
Regen    0.7/turn               m - ring of Dizxod {*Slow rPois rN+ Dex+4 Stlth+}
MPRegen  0.3/turn               I - +3 ring of evasion

@: heavily drained
A: high mp 1, shaggy fur 1, electricity resistance, wild magic 2
a: no special abilities


You were in a labyrinth.
You were not hungry.

You visited 3 branches of the dungeon, and saw 14 of its levels.
You also visited: Labyrinth and Ossuary.

You collected 709 gold pieces.
You spent 525 gold pieces at shops.

Inventory:

Hand Weapons
 a - a +2 dagger (weapon)
 l - a +5 scimitar of freezing
Missiles
 X - 142 arrows
Armour
 d - a +0 helmet (worn)
 h - a +0 cloak (worn)
 t - a +1 pair of gloves (worn)
 G - a +0 troll leather armour (worn)
 U - a +1 robe of magic resistance
 V - a +0 pair of boots (worn)
Jewellery
 b - an uncursed ring of stealth
 i - an uncursed amulet of guardian spirit {unknown}
 m - the ring of Dizxod (left hand) {*Slow rPois rN+ Dex+4 Stlth+}
   (You found it in an ossuary)

   [ring of stealth]

   It affects your dexterity (+4).
   It protects you from poison.
   It protects you from negative energy.
   It may slow you when you take damage.
   It makes you more stealthy.
 v - a +5 amulet of reflection (around neck)
 E - an uncursed ring of protection from cold
 I - a +3 ring of evasion (right hand)
 K - an uncursed amulet of regeneration
Wands
 u - a wand of iceblast (9/15)
 F - a wand of confusion (11/48)
 M - a wand of paralysis (5/24)
 Y - a wand of iceblast (8/15)
Scrolls
 c - a scroll of vulnerability {unknown}
 o - 7 scrolls of teleportation
 w - 3 scrolls of remove curse
 x - 2 scrolls of recharging
 y - 2 scrolls of immolation
 D - a scroll of amnesia
 H - a scroll of enchant armour {unknown}
 J - 2 scrolls of enchant weapon
 Q - a scroll of holy word {unknown}
Potions
 f - 4 potions of curing
 g - a potion of flight
 j - 2 potions of ambrosia
 r - a potion of resistance
 z - 2 potions of lignification
 B - a potion of mutation
 N - a potion of brilliance {unknown}
 O - a potion of haste {unknown}
 R - a potion of berserk rage {unknown}
 S - 2 potions of might {unknown}
Comestibles
 k - 3 meat rations
 q - 2 bread rations
 C - 11 royal jellies


   Skills:
 + Level 5.6(4.3) Fighting
 + Level 4.0(2.8) Short Blades
 + Level 0.8(1.4) Long Blades
   Level 2.0(0.8) Polearms
   Level 3.0(1.7) Bows
 + Level 3.2(1.9) Armour
 + Level 5.1(3.8) Dodging
 + Level 6.5(5.2) Stealth
 * Level 10.1(8.6) Spellcasting
 + Level 5.0(3.6) Conjurations
 + Level 3.9(2.6) Summonings
 + Level 1.6(0.4) Translocations
 + Level 3.1(1.8) Fire Magic
 + Level 3.1(1.8) Air Magic
 + Level 2.8(1.6) Poison Magic


You had 13 spell levels left.
You knew the following spells:

 Your Spells              Type           Power        Failure   Level  Hunger
a - Magic Dart            Conj           ####         6%          1    None
b - Call Imp              Summ           ####....     12%         2    None
c - Conjure Flame         Conj/Fire      ####....     19%         3    None
d - Mephitic Cloud        Conj/Pois/Air  ####....     22%         3    None
e - Throw Flame           Conj/Fire      ####..       11%         2    None
f - Sticky Flame          Conj/Fire      ####....     45%         4    ###....
B - Blink                 Tloc           N/A          24%         2    None


Dungeon Overview and Level Annotations

Branches:
Dungeon (12/15)            Temple (1/1) D:5            Lair (1/6) D:11
    Orc (0/2) D:10

Shops:
D:9 :

Annotations:
D:6 mopl's ghost, novice FoHu


Innate Abilities, Weirdness & Mutations

You have an increased reservoir of magic. (+10% MP)
You are covered in fur. (AC +1)
You are resistant to electric shocks. (rElec)
Your spells are harder to cast, but more powerful.


Message History

Aiming: Iceblast (will waste charges)
Press: ? - help, Shift-Dir - straight line The mass of ice explodes!
Evoking this partially-identified wand wasted a few charges.
Okay, then.
There's nothing to close nearby.
There's nothing to close nearby.
Put on which piece of jewellery? (? for menu, Esc to quit)
v - a +5 amulet of reflection (around neck)
The minotaur shoots an arrow.
The arrow hits you!
* * * LOW HITPOINT WARNING * * *
The arrow burns you!
* * * LOW HITPOINT WARNING * * *
Okay, then.
There's nothing to close nearby.
Put on which piece of jewellery? (? for menu, Esc to quit)
Okay, then.
There's nothing to close nearby.
You feel better.
The minotaur shoots an arrow.
The arrow hits you!!
You die...

# ### #8 8# #[
:# # #8.8# .# #
§§#####.#
#8§8#..... #
##§§§###.#######
.
.#8§8#.((.@....#
#.
#§##H#######.##
#..§§H........#
. #.###
..#...#.# #.# ..
....#.#. ... #.
.. ## #.###.#.#
#### .#. . ..
#.#.. . . ####
#.#. # . . #. .
#.#.# . .


You could see a minotaur.

Vanquished Creatures
  The ghost of yogakurto the Carver, a journeyman HOTm of the Shining One (D:9)
  A hydra (D:12)
  3 two-headed ogres
  2 unseen horrors (D:10)
  Pikel (D:7)
  2 gargoyles
  2 komodo dragons
  2 trolls
  2 slime creatures
  A water elemental (D:11)
  A vampire (D:8)
  A wraith (D:11)
  A shadow (D:11)
  10 yaks (D:11)
  2 hungry ghosts (D:7)
  4 basilisks (Lab)
  Duvessa (D:6)
  2 ice beasts
  2 orc warriors
  5 sky beasts
  An eye of draining (D:10)
  2 phantoms
  4 ogres
  9 centaurs
  3 crocodiles
  2 big kobolds
  5 bullfrogs
  Dowan (D:6)
  9 scorpions
  2 wights (D:8)
  4 howler monkeys
  9 crimson imps
  3 centaur zombies
  6 hounds
  2 human zombies (Ossuary)
  6 jellies
  7 orc priests
  3 centaur skeletons
  12 orc wizards
  3 bullfrog skeletons
  5 iguanas
  10 worker ants
  A big kobold zombie (Ossuary)
  2 hound skeletons (D:5)
  A worker ant zombie (D:5)
  2 howler monkey skeletons
  7 adders
  2 scorpion zombies (Ossuary)
  4 shadow imps
  5 oozes (D:8)
  An adder zombie (D:9)
  3 worms
  A dart slug (D:1)
  2 leopard geckos
  34 orcs
  8 bats
  8 giant cockroaches
  A gnoll zombie (Ossuary)
  2 goblins
  7 hobgoblins
  7 jackals
  8 quokkas
  3 frilled lizards
  2 hobgoblin zombies (Ossuary)
  14 kobolds
  3 kobold zombies (Ossuary)
  3 orc zombies (Ossuary)
  6 rats
291 creatures vanquished.

Vanquished Creatures (collateral kills)
  A troll (D:10)
  A sky beast (D:5)
  The ghost of gungr the Insei, an amateur OpTm (D:3)
  5 scorpions (Ossuary)
  A crimson imp (D:6)
  2 centaur zombies (Ossuary)
  A centaur skeleton (D:7)
  A hound (D:10)
  A worker ant (D:4)
  2 mummies (Ossuary)
  6 adders
  A scorpion zombie (Ossuary)
  A shadow imp (D:5)
  5 worms
  A leopard gecko (D:2)
  4 orcs (D:3)
  A ball python (D:3)
  5 bats (D:3)
  A giant cockroach (D:3)
  2 goblins (D:3)
  2 hobgoblins
  4 jackals
  2 kobolds
  A quokka (D:5)
  A frilled lizard (D:3)
  A kobold zombie (Ossuary)
  A rat (D:2)
55 creatures vanquished.

Vanquished Creatures (others)
  A mummy (Ossuary)
  An adder skeleton (D:7)
  An adder zombie (D:7)
  A hobgoblin zombie (Ossuary)
  An orc zombie (Ossuary)
  16 plants (D:11)
21 creatures vanquished.

Grand Total: 367 creatures vanquished

Notes
Turn   | Place    | Note
-------+----------+-------------------------------------------
     0 | D:1      | tailblues the Demigod Wizard began the quest for the Orb.
     0 | D:1      | Reached XP level 1. HP: 14/14 MP: 6/6
   186 | D:1      | Reached skill level 1 in Conjurations
   262 | D:1      | Reached skill level 3 in Spellcasting
   338 | D:1      | Reached XP level 2. HP: 20/20 MP: 4/8
   342 | D:1      | Learned a level 2 spell: Call Imp
   345 | D:1      | Learned a level 2 spell: Blink
  1869 | D:2      | Reached XP level 3. HP: 27/27 MP: 1/10
  1872 | D:2      | Reached skill level 1 in Summonings
  2045 | D:2      | Learned a level 3 spell: Mephitic Cloud
  3066 | D:3      | Reached XP level 4. HP: 33/34 MP: 2/12
  3261 | D:3      | Reached skill level 4 in Spellcasting
  3496 | D:3      | Noticed gungr's ghost (amateur OpTm)
  3606 | D:3      | Killed gungr's ghost
  3606 | D:3      | Reached skill level 1 in Fighting
  3606 | D:3      | Reached skill level 1 in Translocations
  3825 | D:3      | Reached XP level 5. HP: 28/40 MP: 2/14
  3920 | D:3      | Learned a level 3 spell: Conjure Flame
  4147 | D:4      | Found a white marble altar of Elyvilon.
  4183 | D:4      | Reached skill level 1 in Short Blades
  4202 | D:4      | Found a snail-covered altar of Cheibriados.
  4281 | D:4      | Found a sand-covered staircase.
  4285 | Ossuary  | Entered an ossuary
  4560 | Ossuary  | Reached XP level 6. HP: 48/48 MP: 9/16
  5122 | Ossuary  | Reached skill level 5 in Spellcasting
  5618 | Ossuary  | Got a transparent amber ring
  5619 | Ossuary  | Identified the ring of Dizxod {*Slow rPois rN+ Dex+4 Stlth+} (You found it in an ossuary)
  5674 | Ossuary  | Reached XP level 7. HP: 55/55 MP: 2/18
  6653 | D:4      | Reached skill level 1 in Poison Magic
  6866 | D:4      | Found a snail-covered altar of Cheibriados.
  6928 | D:5      | Entered Level 5 of the Dungeon
  7818 | D:5      | Reached skill level 6 in Spellcasting
  7841 | D:5      | Reached XP level 8. HP: 53/63 MP: 16/20
  8286 | D:5      | Found a staircase to the Ecumenical Temple.
  8302 | Temple   | Entered the Ecumenical Temple
  8511 | D:6      | Found a hide-covered altar of Uskayaw.
  8609 | D:6      | Reached skill level 1 in Air Magic
  9220 | D:6      | Reached skill level 1 in Fire Magic
  9751 | D:6      | Noticed Duvessa
  9753 | D:6      | Noticed Dowan
  9836 | D:6      | Killed Duvessa
  9843 | D:6      | Killed Dowan
 10214 | D:6      | Noticed mopl's ghost (novice FoHu)
 10989 | D:7      | Found a shattered altar of Ashenzari.
 11518 | D:7      | Noticed Pikel
 11552 | D:7      | Killed Pikel
 11552 | D:7      | Reached skill level 1 in Polearms
 11552 | D:7      | Reached skill level 7 in Spellcasting
 11552 | D:7      | Reached XP level 9. HP: 70/72 MP: 20/23
 13840 | D:8      | Reached skill level 1 in Bows
 14265 | D:9      | Noticed yogakurto's ghost (journeyman HOTm)
 14616 | D:8      | Reached skill level 5 in Stealth
 14679 | D:9      | Noticed a two-headed ogre
 14697 | D:9      | Killed a two-headed ogre
 14697 | D:9      | Reached skill level 8 in Spellcasting
 14697 | D:9      | Reached XP level 10. HP: 51/80 MP: 16/26
 15080 | D:9      | Gained mutation: You are frail. (-10% HP) [mutagenic meat]
 15081 | D:9      | Gained mutation: Your body sometimes deteriorates upon taking damage. [mutagenic meat]
 15082 | D:9      | Gained mutation: You have a considerably increased reservoir of magic. (+20% MP) [mutagenic meat]
 15083 | D:9      | Lost mutation: Your body sometimes deteriorates upon taking damage. [mutagenic meat]
 15084 | D:9      | Lost mutation: You are frail. (-10% HP) [potion of mutation]
 15084 | D:9      | Lost mutation: You have a considerably increased reservoir of magic. (+20% MP) [potion of mutation]
 15084 | D:9      | Gained mutation: You are resistant to electric shocks. (rElec) [potion of mutation]
 15084 | D:9      | Gained mutation: Your spells are a little harder to cast, but a little more powerful. [potion of mutation]
 15084 | D:9      | Gained mutation: Your spells are harder to cast, but more powerful. [potion of mutation]
 15084 | D:9      | Gained mutation: You are covered in fur. (AC +1) [potion of mutation]
 15310 | D:9      | Noticed a two-headed ogre
 15323 | D:9      | Killed a two-headed ogre
 15636 | D:9      | Killed yogakurto's ghost
 15835 | D:9      | Found Suge's Book Boutique.
 16048 | D:10     | Entered Level 10 of the Dungeon
 16393 | D:10     | Reached skill level 5 in Fighting
 16544 | D:10     | Found a shadowy altar of Dithmenos.
 16779 | D:10     | Reached skill level 5 in Dodging
 16925 | D:9      | Reached skill level 9 in Spellcasting
 17433 | D:10     | Found a staircase to the Orcish Mines.
 18172 | D:11     | Reached skill level 1 in Armour
 18690 | D:11     | Reached XP level 11. HP: 86/86 MP: 16/28
 20008 | D:9      | Bought a book of Flames for 525 gold pieces
 20016 | D:9      | Learned a level 2 spell: Throw Flame
 20021 | D:9      | Learned a level 4 spell: Sticky Flame
 20508 | D:10     | Noticed an unseen horror
 20521 | D:10     | Killed an unseen horror
 21061 | D:10     | Noticed an unseen horror
 21066 | D:10     | Killed an unseen horror
 21525 | D:11     | Found a staircase to the Lair.
 22423 | D:12     | Noticed a six-headed hydra
 22432 | D:12     | Killed a six-headed hydra
 22482 | D:12     | Reached skill level 10 in Spellcasting
 22705 | D:12     | Noticed a two-headed ogre
 22721 | D:12     | Killed a two-headed ogre
 23093 | Lair:1   | Entered Level 1 of the Lair of Beasts
 23121 | Lair:1   | Found a labyrinth entrance.
 23127 | Lab      | Entered a labyrinth
 23801 | Lab      | Reached skill level 5 in Conjurations
 24143 | Lab      | Noticed a minotaur
 24200 | Lab      | Shot with an arrow by a minotaur

Skill      XL: |  1  2  3  4  5  6  7  8  9 10 11 |
---------------+----------------------------------+-----
Conjurations   | 1 2 3 4 5 |  5.0
Spellcasting   | 3 4 5 6 7 8 9 10 | 10.1
Stealth        | 2 3 4 5 6 |  6.5
Summonings     | 1 2 3 |  3.9
Fighting       | 1 2 3 4 5 |  5.6
Dodging        | 2 3 4 5 |  5.1
Translocations | 1 |  1.6
Short Blades   | 1 2 3 4 |  4.0
Poison Magic   | 1 2 |  2.8
Air Magic      | 1 2 3 |  3.1
Fire Magic     | 1 2 3 |  3.1
Polearms       | 1 2 |  2.0
Bows           | 1 2 3 |  3.0
Armour         | 1 3 |  3.2
Long Blades    | |  0.8

Action                   |  1- 3 |  4- 6 |  7- 9 | 10-12 || total
-------------------------+-------+-------+-------+-------++-------
Melee: Dagger            |    89 |    96 |   383 |   332 ||   900
       Trident           |       |       |   102 |       ||   102
       Staff             |       |       |     8 |       ||     8
       Scimitar          |       |       |    18 |     4 ||    22
 Fire: Shortbow          |       |       |    38 |    44 ||    82
 Cast: Magic Dart        |    38 |     7 |    31 |    77 ||   153
       Call Imp          |    42 |    47 |    34 |    16 ||   139
       Mephitic Cloud    |     1 |     9 |    71 |   116 ||   197
       Blink             |       |     7 |    11 |    21 ||    39
       Conjure Flame     |       |    20 |    47 |    38 ||   105
       Sticky Flame      |       |       |       |    28 ||    28
       Throw Flame       |       |       |       |     5 ||     5
Evoke: Wand              |       |       |     1 |     3 ||     4
  Use: Scroll            |     5 |     2 |    10 |     6 ||    23
       Potion            |       |       |       |     7 ||     7
 Stab: Confused          |     1 |     5 |    42 |    58 ||   106
       Sleeping          |     1 |     1 |    14 |     3 ||    19
       Distracted        |     1 |     1 |     1 |       ||     3
  Eat: Bread ration      |     1 |       |     1 |     2 ||     4
       Chunk             |     3 |     5 |    19 |    21 ||    48
       Fruit             |       |     1 |     7 |     2 ||    10
       Meat ration       |       |     1 |       |       ||     1
       Royal jelly       |       |       |       |     3 ||     3
Armor: Robe              |    20 |    50 |    43 |    10 ||   123
       Troll leather arm |       |       |       |    41 ||    41
Dodge: Dodged            |    94 |   101 |   186 |   217 ||   598
Block: Other             |       |    18 |    62 |    62 ||   142
       Reflection        |       |       |     2 |     2 ||     4
       Rpst.: Scimitar   |       |       |       |     1 ||     1
